Cogmind - Beta 13 @@@ ROGUE MODE // 2024.07.02 @ 19:11:09 Player: maykstuff Result: Destroyed by G-34 Mercenary with Small Laser Performance ------------- Evolutions (0) 0 Regions Visited (1) 200 Robots Destroyed (6) 30 Value Destroyed (139) 139 Prototype IDs (0) 0 Alien Tech Used (0) 0 Bonus (0) 0 TOTAL SCORE: 369 Bonus ------- None Cogmind --------- Core Integrity 0/250 Matter 290/300 Energy 100/100 System Corruption 0% Temperature Warm (198) Movement Treading (160) Location -10/Materials Parts ------- > --- POWER (1) -------- (None) > --- PROPULSION (2) --- Light Treads Compact Wheel > --- UTILITY (2) ------ Small Storage Unit > --- WEAPON (2) ------- (None) > --- INVENTORY (8) ---- Light Ion Engine Light Treads Wheel Small Storage Unit Structural Scanner Structural Scanner Peak State ------------ > --- POWER ------------ Ion Engine > --- PROPULSION ------- Compact Wheel Compact Wheel > --- UTILITY ---------- Small Storage Unit > --- WEAPON ----------- Medium Laser Small Laser > --- INVENTORY -------- Light Ion Engine Light Treads Light Treads [Rating: 6] Favorites ----------- Power Ion Engine Engine Ion Engine Propulsion Compact Wheel Treads Light Treads Wheel Compact Wheel Utility Small Storage Unit Storage Small Storage Unit Weapon Medium Laser Energy Gun Medium Laser Launcher Grenade Launcher Build | -11 -10 ------- Run | Yrd Mat Slots Evolved . | . . Power . | . . Propulsion . | . . Utility . | . . Weapon . | . . Parts Attached 9 | 6 3 Power 1 | 1 . Engine 1 | 1 . Core . | . . Reactor . | . . Propulsion 3 | 2 1 Treads 1 | . 1 Leg . | . . Wheel 2 | 2 . Hover . | . . Flight . | . . Utility 1 | 1 . Device . | . . Storage 1 | 1 . Processor . | . . Hackware . | . . Protection . | . . Artifact . | . . Weapon 4 | 2 2 Energy Gun 3 | 2 1 Energy Cannon . | . . Ballistic Gun . | . . Ballistic Cannon . | . . Launcher 1 | . 1 Special Weapon . | . . Impact Weapon . | . . Slashing Weapon . | . . Piercing Weapon . | . . Special Melee Weapon . | . . Unidentified Prototypes . | . . Parts Lost 5 | . 5 Power 1 | . 1 Propulsion 1 | . 1 Utility . | . . Weapon 3 | . 3 Highest Loss Streak 5 | . 5 To Critical Strikes . | . . Average Slot Usage (%) 73 | . 73 Engine 9 | . 9 Wheel 24 | . 24 Storage 14 | . 14 Energy Gun 22 | . 22 Launcher 2 | . 2 Naked Turns . | . . Heaviest Build 15 | 13 15 Greatest Support 32 | 32 32 Greatest Overweight (x) . | . . Average Overweight (x) . | . . Largest Inventory Capacity 8 | 8 8 Average Capacity 7 | 7 8 Most Carried 7 | 7 7 Average Carried 5 | 3 5 Final Capacity 8 | 8 8 Final Carried 6 | 5 6 Class Distribution -------------------- 100% | Mutant Dominant Class ---------------- Mutant | -10/Materials Resources | -11 -10 ----------- Run | Yrd Mat Matter Collected 287 | 260 27 Remotely . | . . Salvage Created 171 | 82 89 Parts 6 | 3 3 Haulers Intercepted . | . . Recyclers Shooed . | . . Parts Field Recycled . | . . Retrieved Matter . | . . Parts Self-Destructed . | . . Prevented . | . . Kills | -11 -10 ------- Run | Yrd Mat Combat Hostiles Destroyed 3 | . 3 Guns 2 | . 2 AOE 1 | . 1 Classes Destroyed 4 | 2 2 Worker 1 | . 1 Tunneler 1 | 1 . Recycler 1 | 1 . Grunt 3 | . 3 Best Kill Streak 4 | 2 4 Combat Bots Only 3 | . 3 Max Kills in Single Turn 1 | 1 1 Gunslinging . | . . Exploded 1 | . 1 Melee . | . . Uniques/NPCs Destroyed . | . . Combat | -11 -10 -------- Run | Yrd Mat Hostile Shots Fired 64 | . 64 Missed 11 | . 11 Damage Taken 649 | . 649 Core 258 | . 258 Absorbed by Shields . | . . Core Remaining (%) 100 | 100 . Volleys Fired 20 | 3 17 Largest 2 | 2 2 Hottest 90 | 90 90 Shots Fired 35 | 6 29 Gun 30 | 6 24 Cannon . | . . Launcher 5 | . 5 Special . | . . Kinetic . | . . Thermal 30 | 6 24 Explosive 5 | . 5 Electromagnetic . | . . Robot Hit Streak 4 | 2 4 Robot Miss Streak 2 | 2 2 Penetration Max . | . . Secondary Targets 1 | . 1 Max Gunslinging Chain 1 | . 1 Shots Hit Robots 19 | 3 16 Core Hits 15 | 3 12 Critical Kills . | . . Critical Parts Destroyed . | . . Critical Strikes 3 | 1 2 Burn 3 | 1 2 Melee Attacks . | . . Impact . | . . Slashing . | . . Piercing . | . . Sneak Attacks . | . . Combat Hostiles . | . . Follow-up Attacks . | . . Damage Inflicted 392 | 34 358 Guns 214 | 34 180 Cannons . | . . Explosions 173 | . 173 Melee . | . . Ramming 5 | . 5 Kinetic . | . . Thermal 214 | 34 180 Explosive 173 | . 173 Electromagnetic . | . . Impact . | . . Slashing . | . . Piercing . | . . Highest Corruption . | . . Average Corruption . | . . Corruption Purged . | . . Corruption Blocked . | . . Overload Shots . | . . Overflow Damage . | . . Projectiles . | . . Explosions . | . . Melee . | . . Knockbacks . | . . Impact . | . . Kinetic . | . . Secondary . | . . Self-Inflicted Damage . | . . Shots . | . . Rammed 5 | . 5 Targets Rammed 5 | . 5 Kicked . | . . Crushed . | . . Highest Temperature 444 | 60 444 Average Temperature 236 | 28 278 Received Heat Transfer 378 | . 378 Effects 4 | . 4 Interference 2 | . 2 Damage (minor) 2 | . 2 Siege Activations . | . . Robots Corrupted . | . . Combat Hostiles . | . . Parts Fried . | . . Impact Corruptions . | . . Robots Melted . | . . Combat Hostiles . | . . Parts Melted 1 | . 1 Heat Transferred 816 | 173 643 Parts Sabotaged . | . . Parts Stolen . | . . Parts Stripped . | . . Power Chain Reactions . | . . Alert | -11 -10 ------- Run | Yrd Mat Peak Influence 72 | 10 72 Initial 6 | . 6 Average 19 | 2 28 Maximum Alert Level . | . . Low Security (%) 100 | 100 100 Level 1 . | . . Level 2 . | . . Level 3 . | . . Level 4 . | . . Level 5 . | . . High Security . | . . Max Security . | . . Squads Dispatched . | . . Investigation . | . . Extermination . | . . Reinforcement . | . . Assault . | . . Garrison . | . . Intercept . | . . Searches Triggered . | . . Construction Impeded . | . . Haulers Reinforced . | . . Active Scanning Responses . | . . Cargo Convoy Interrupts . | . . Stealth | -11 -10 --------- Run | Yrd Mat Distress Signals . | . . Communications Jammed . | . . Distress Signals . | . . Times Spotted 4 | . 4 Peak Tracking Total 4 | . 4 Tactical Retreats . | . . Traps | -11 -10 ------- Run | Yrd Mat Traps Triggered . | . . Indirectly . | . . Trap Hack Attempts . | . . Triggered . | . . Disarmed . | . . Reprogrammed . | . . Reused . | . . Traps Extracted . | . . Installed . | . . Triggered . | . . Machines | -11 -10 ---------- Run | Yrd Mat Machines Disabled 1 | . 1 Max in Single Turn 1 | . 1 Machines Repaired . | . . Machines Dismantled . | . . Machines Sabotaged . | . . Overloaded Fab Kills . | . . Hacking | -11 -10 --------- Run | Yrd Mat Machines Accessed . | . . Terminals . | . . Fabricators . | . . Repair Stations . | . . Recycling Units . | . . Scanalyzers . | . . Garrison Access . | . . Total Hacks . | . . Successful . | . . Failed . | . . Catastrophic . | . . Database Lockouts . | . . Manual . | . . Terminals . | . . Fabricators . | . . Repair Stations . | . . Recycling Units . | . . Scanalyzers . | . . Garrison Access . | . . Terminal Hacks . | . . Fabricator Hacks . | . . Repair Station Hacks . | . . Recycling Unit Hacks . | . . Scanalyzer . | . . Garrison Access Hacks . | . . Unauthorized Hacks . | . . Terminals . | . . Fabricators . | . . Repair Stations . | . . Recycling Units . | . . Scanalyzers . | . . Garrison Access . | . . Data Cores Recovered . | . . Used . | . . Hacking Detections . | . . Full Trace Events . | . . Feedback Events . | . . Feedback Blocked . | . . Robot Schematics Acquired . | . . Robots Built . | . . Authchips . | . . Time . | . . Total Robot Build Rating . | . . Part Schematics Acquired . | . . Parts Built . | . . Authchips . | . . Time . | . . Total Part Build Rating . | . . Parts Repaired . | . . Time . | . . Parts Recycled . | . . Recycled Matter . | . . Retrieved Matter . | . . Retrieved Components . | . . Parts Scanalyzed . | . . Part Schematics Acquired . | . . Parts Damaged . | . . Bothacking | -11 -10 ------------ Run | Yrd Mat Used RIF Installer . | . . Robots Hacked . | . . Non-combat . | . . Combat . | . . Robot Hacks Applied . | . . Relay Couplers Released . | . . Fabnet Peak Effective % . | . . Robots Rewired . | . . Allies Hacked . | . . Hacks Repelled . | . . Allies | -11 -10 -------- Run | Yrd Mat Total Allies . | . . Largest Group . | . . Highest-Rated Group . | . . Highest-Rated Ally . | . . Total Orders . | . . Ally Attacks . | . . Total Damage . | . . Kills . | . . Allies Corrupted . | . . Allies Melted . | . . Intel | -11 -10 ------- Run | Yrd Mat Robot Analysis Total . | . . Derelict Logs Recovered . | . . Drone Launches . | . . Drone Recoveries . | . . Exploration | -11 -10 ------------- Run | Yrd Mat Turns Passed 186 | 67 119 Spaces Moved 107 | 47 60 Core 10 | 10 . Treads . | . . Legs . | . . Wheels 97 | 37 60 Hover . | . . Flight . | . . Fastest Speed 50 | 50 100 Average Speed 95 | 89 100 Slowest Speed 100 | 100 100 Overloaded Moves . | . . Propulsion Burnouts . | . . Robots Hopped . | . . Cave-ins Triggered . | . . Exploration Rate (%) 8 | 3 14 Regions Visited 1 Branch Regions . Pre-discovered Areas . | . . Known Exits Taken . | . . Unknown Exits Taken 1 | 1 . Scrap Searched . | . . Spaces Dug . | . . Terrain Destroyed 31 | . 31 Melee . | . . Projectile . | . . AOE 31 | . 31 Terrain Rammed . | . . Walls Destroyed . | . . Machines Disabled . | . . Actions | -11 -10 --------- Run | Yrd Mat Total 154 | 66 88 Wait . | . . Move 106 | 46 60 Hop . | . . Pick Up 14 | 11 3 Fast Attach . | . . Attach 8 | 6 2 Detach . | . . Swap 1 | . 1 Drop . | . . Fire 20 | 3 17 Melee . | . . Ram 1 | . 1 Kick . | . . Crush 4 | . 4 Escape Stasis . | . . Rewire . | . . Trap . | . . Miscellaneous . | . . Route ------- -11/Scrapyard -10/Materials History --------- Turn | Location | Event 2 | -11/Scrapyard | Met Revision 17 23 | -11/Scrapyard | Discovered new exit (range 14) 68 | -11/Scrapyard | Entered Materials 151 | -10/Materials | Core integrity fell below 50% 172 | -10/Materials | Core integrity fell below 20% 187 | -10/Materials | Destroyed by G-34 Mercenary with Small Laser Last Messages --------------- K-01 Serf collects debris. U-05 Engineer lays Concrete. The unstable cave ceiling collapses. K-01 Serf collects debris. U-05 Engineer lays Concrete. Med. Laser destroyed. U-05 Engineer builds a Wall. K-01 Serf collects debris. Slammed into G-34 Mercenary. U-05 Engineer lays Concrete. Slammed into G-34 Mercenary. K-01 Serf collects debris. U-05 Engineer lays Concrete. Slammed into G-34 Mercenary. U-05 Engineer lays Concrete. Acquired 27 matter. Slammed into G-34 Mercenary. K-01 Serf collects debris. U-05 Engineer lays Concrete. Slammed into G-34 Mercenary. Map ----- +----------------------------------------------------+ | ?????????????????????????????????????????????????? | | ?????????????????????????????????????????????????? | | ?????????????????????????????????????????????????? | | ?????????????????????????????????????????????????? | | ?????????????????????????????????????????????????? | | ?????????????????????????????????????????????????? | | ?????????????????????????????????????????????????? | | ?????????????????????????????????????????????????? | | ?????????????????????????????????????????????????? | | ?????????????????????????????????????????????????? | | ?????????????????????????????????????????????????? | | ????????????????????# ???????????????????????????? | | ????????????????????+ ??????????????????????????? | | ????????????????????# ?????????????????????????? | | ????????????????##?## ########?????????????????? | | ???????????????? # ?????????????????? | | ????????????????" # ??????????????????? | | ?????????????????? + ??????????????????? | | ???????????????????# """ ???????????????????? | | ???????????????????# """ #???????????????????? | | ???????????????????# """ ##################### | | ????????????? # r | | ????????????? / | | ??????????????????###### | | ?????????????????## # g | | ????????????????## # @ #################+### | | ????????????????# ####+#######??????# | | ????????????????## % % #??????# | | ????????????????# # % =! #??????# """"""" | | ?????????????????# = = #??????# """"""" | | ?????????????????# " = = #??????# """"""" | | ?????????????????## " "" #??????# """"""" | | ??????????????????## #??????# """"""" | | ???????????????????###############???????###?????? | | | | | | | | | | | | | | | | | | | | | | | | | | | | | | | | | +----------------------------------------------------+ Best States ------------- Heat Dissipation 25 Energy Generation 10 Energy Capacity 250 Matter Stores 300 Matter Capacity 300 Sight Range 16 Terrain Scan Density 10 Evasion (%) 50 Item Schematics ----------------- None Robot Schematics ------------------ None Fabricated ------------ Nothing Alien Tech Used ----------------- None Achievements -------------- None Challenges ------------ None Game ------ Seed AutogunSniperRedistributor Manual? 0 Play Time 00:04:27 Cumulative 4.2 hours Start 2024.07.02 @ 19:08:20 End 2024.07.02 @ 19:11:09 Sessions 1 Manual Loads 0 Difficulty Rogue Special Mode None Game No. 7 Rogue 7 Adventurer 0 Explorer 0 Win Type - Total 0 Types 0/0/0/0/0/0/0/0/0 Lore% 9 Gallery% 9 Achievement% 11 Wizard Run 0 Options --------- Layout 1 ASCII 1 Keyboard 0 Movement Mouse Keybinds 0 Fullscreen 1 Font 24/Proggy Map View 50x35 Zoom Use 0% Tactical HUD 0 Map Filters NONE Filters NONE Steam 0 RUN: c6d190a3-d127-4dad-8af7-8d157dbaffdb